 Dungeon Crawl Stone Soup version 0.17-a0-1900-g45e8110 (webtiles) character file.

115 derrpe the Caller (level 4, -3/30 HPs)
             Began as a Mummy Summoner on Sept 24, 2015.
             Slain by an orc priest
             ... wielding a +0 short sword
              (5 damage)
             ... on level 3 of the Dungeon.
             The game lasted 00:06:00 (4086 turns).

derrpe the Caller (Mummy Summoner)                  Turns: 4086, Time: 00:06:01

Health: -3/30      AC:  3    Str: 11    XL:     4   Next: 68%
Magic:  1/7        EV: 11    Int: 15    God:
Gold:   103        SH:  0    Dex: 12    Spells: 3 memorised, 1 level left

rFire  x . .     SeeInvis .     a - +0 short sword
rCold  + . .     Clarity  .     j - +0 leather armour
rNeg   + + +     SustAt   +     (no shield)
rPois  ∞         Gourm    .     (no helmet)
rElec  .         Spirit   .     (no cloak)
rCorr  .         Warding  .     (no gloves)
rMut   .         Stasis   .     (no boots)
MR     .....                    (no amulet)
Stlth  +.........               (no ring)
                                c - ring of sustain attributes

@: very slightly contaminated, not resistant to hostile enchantments, very
unstealthy
A: no food or potions, fire vulnerability, cold resistance 1, negative energy
resistance 3, torment resistance, unbreathing
a: no special abilities


You were on level 3 of the Dungeon.
You were not hungry.

You visited 1 branch of the dungeon, and saw 3 of its levels.

You collected 103 gold pieces.

Inventory:

Hand weapons
 a - a +0 short sword (weapon)
Armour
 j - a +0 leather armour (worn)
Jewellery
 c - a ring of sustain attributes (left hand)
Magical devices
 h - a wand of fireball (9)
Scrolls
 d - a scroll of teleportation {unknown}
 e - a scroll of recharging {unknown}
 f - 3 scrolls of remove curse {unknown}
 g - a scroll of fear {unknown}
 i - 5 scrolls of identify {unknown}
Books
 b - a book of Callings

   Spells                             Type                      Level
   a - Summon Small Mammal            Summoning                    1
   b - Call Imp                       Summoning                    2
   c - Call Canine Familiar           Summoning                    3
   d - Summon Guardian Golem          Hexes/Summoning              3
   e - Summon Lightning Spire         Summoning/Air                4
   f - Summon Ice Beast               Ice/Summoning                4


   Skills:
 - Level 1.5 Dodging
 - Level 1.5 Stealth
 - Level 2.0 Spellcasting
 + Level 5.0 Summonings


You had one spell level left.
You knew the following spells:

 Your Spells              Type           Power        Failure   Level  Hunger
a - Summon Small Mammal   Summ           ###.         3%          1    N/A
b - Call Imp              Summ           ###.....     6%          2    N/A
c - Call Canine Familiar  Summ           ###.....     12%         3    N/A

Dungeon Overview and Level Annotations

Branches:
Dungeon (3/15)

Altars:

Annotations:
D:3 trelanon's ghost, weakling FeBe


Innate Abilities, Weirdness & Mutations

You do not eat or drink.
Your flesh is vulnerable to fire.
You are immune to poison.
Your flesh is cold resistant.
You are immune to negative energy.
You are immune to unholy pain and torment.
You can survive without breathing.


Message History

The puff of frost hits the orc.
The orc dies!
You hit the orc priest.
The orc priest is moderately wounded.
Your white imp completely misses the orc priest.
The orc priest hits you with a short sword!
You barely miss the orc priest.
The orc priest is moderately wounded.
Your white imp disappears in a puff of smoke!
The orc priest hits you but does no damage.
You barely miss the orc priest.
The orc priest is moderately wounded.
The orc priest invokes the aid of Beogh against you.
Something smites you!
Ouch! That really hurt!
* * * LOW HITPOINT WARNING * * *
You hit the orc priest.
The orc priest is heavily wounded.
The orc priest hits you with a short sword.
You die...

###### ######### #....# #.......#
#....# #.......# #....# #.......#
##....####.....).#####
+................'...(
##...@####.......#.### #...o#
#########.#
.##.########)...############'###
...>..........†....#.......†....
#.###############...#........>...
# .#.#....)....... #
.♣≈o.†.......... '.#
.≈............(. ###
≈PP............


You could see an orc priest.

Vanquished Creatures
  An adder (D:2)
  2 giant geckos
  An orc (D:3)
  9 bats
  4 giant cockroaches
  5 goblins
  A hobgoblin (D:1)
  4 kobolds
  A giant newt (D:2)
  3 rats
31 creatures vanquished.

Vanquished Creatures (collateral kills)
  A crimson imp (D:3)
  4 adders
  2 oozes
  A worm (D:3)
  An orc (D:3)
  A ball python (D:1)
  3 giant cockroaches
  6 hobgoblins
  2 bats (D:1)
  3 giant geckos
  A goblin (D:1)
  5 kobolds
  3 rats
33 creatures vanquished.

Grand Total: 64 creatures vanquished

Notes
Turn   | Place    | Note
--------------------------------------------------------------
     0 | D:1      | derrpe the Mummy Summoner began the quest for the Orb.
     0 | D:1      | Reached XP level 1. HP: 13/13 MP: 3/3
   661 | D:1      | Reached XP level 2. HP: 19/19 MP: 3/5
  1116 | D:1      | Learned a level 2 spell: Call Imp
  1809 | D:1      | Reached skill level 4 in Summonings
  1883 | D:1      | Reached XP level 3. HP: 6/24 MP: 1/6
  3363 | D:3      | Reached XP level 4. HP: 16/30 MP: 0/7
  3483 | D:3      | Noticed trelanon's ghost (weakling FeBe)
  3776 | D:3      | Reached skill level 5 in Summonings
  4067 | D:3      | Learned a level 3 spell: Call Canine Familiar
  4086 | D:3      | Slain by an orc priest

Vault maps used:
D:1:      evilmike_arrival_crescent
D:2:      minivault_11
D:3:      first_bread, serial_bayou_pond_e

Action                   |  1- 3 |  4- 6 || total
-------------------------+-------+-------++-------
Melee: Club              |    22 |       ||    22
       Mace              |    24 |       ||    24
       Unarmed           |     2 |       ||     2
       Short sword       |    96 |    40 ||   136
 Cast: Summon Small Mamm |    23 |       ||    23
       Call Imp          |    20 |    12 ||    32
 Stab: Sleeping          |     7 |       ||     7
